 Dungeon Crawl Stone Soup version 0.16.0-18-g484a79e (webtiles) character file.

23 HungrySpirit the Charlatan (level 2, -2/21 HPs)
             Began as a Vampire Artificer on Mar 22, 2015.
             Slain by Sigmund
             ... wielding a +0 scythe
              (7 damage)
             ... on level 2 of the Dungeon.
             The game lasted 00:02:35 (920 turns).

HungrySpirit the Charlatan (Vampire Artificer)       Turns: 920, Time: 00:02:35

Health: -2/21      AC:  3    Str: 10    XL:     2   Next: 75%
Magic:  2/2        EV: 12    Int: 14    God:
Gold:   72         SH:  0    Dex: 14    Spells: 0 memorised, 1 level left

rFire  . . .     SeeInvis +     a - +0 short sword
rCold  . . .     Clarity  .     e - +0 leather armour
rNeg   . . .     SustAb   .     (no shield)
rPois  .         Gourm    .     (no helmet)
rElec  .         Spirit   .     (no cloak)
rCorr  .         Warding  .     (no gloves)
rMut   .         Stasis   .     (no boots)
MR     .....                    (no amulet)
Stlth  +.........               (no ring)
                                (no ring)

@: confused, regenerating quickly, not resistant to hostile enchantments, very
unstealthy
A: bottle blood, fangs 3, see invisible, unbreathing
a: no special abilities


You were on level 2 of the Dungeon.
You were very full.

You visited 1 branch of the dungeon, and saw 2 of its levels.

You collected 72 gold pieces.

Inventory:

Hand weapons
 a - a +0 short sword (weapon)
Armour
 e - a +0 leather armour (worn)
 g - a +0 buckler
Jewellery
 j - an uncursed ring of positive energy {unknown}
Magical devices
 b - a wand of flame (10)
 c - a wand of enslavement (14)
 d - a wand of random effects (12)
Scrolls
 i - a scroll of noise {unknown}
 k - a scroll of immolation {unknown}
 l - a scroll of identify {unknown}
 m - 2 scrolls of teleportation {unknown}
 n - a scroll of remove curse {unknown}
Potions
 f - a potion of blood
 h - a potion of magic {unknown}


   Skills:
 + Level 1.1 Fighting
 * Level 2.1 Short Blades
 + Level 2.5 Dodging
 + Level 2.4 Stealth
 - Level 2.6 Evocations


You had one spell level left.
You didn't know any spells.

Dungeon Overview and Level Annotations

Branches:
Dungeon (2/15)

Altars:

Annotations:
D:2 Sigmund


Innate Abilities, Weirdness & Mutations

Your natural rate of healing is unusually fast.
You can bottle blood from corpses.
You have razor-sharp teeth.
You have supernaturally acute eyesight.
You can survive without breathing.


Message History

Press: ? - help, Shift-Dir - straight line, f/p - Sigmund
Aim: Sigmund, wielding a scythe and wearing a robe (severely wounded, slightly transparent)
The bolt of fire misses Sigmund.
This wand has 14 charges left.
Sigmund points at you and mumbles some strange words.
You are confused.
Evoke which item? (* to show all) (? for menu, Esc to quit)
Zapping:
d - a wand of random effects (14)
Press: ? - help, Shift-Dir - straight line, f/p - Sigmund
Aim: Sigmund, wielding a scythe and wearing a robe (severely wounded, slightly transparent) Nothing appears to happen.
This wand has 13 charges left.
Sigmund gestures at you while chanting. The magic dart hits you!
* * * LOW HITPOINT WARNING * * *
Evoke which item? (* to show all) (? for menu, Esc to quit)
Zapping:
d - a wand of random effects (13)
Press: ? - help, Shift-Dir - straight line, f/p - Sigmund
Aim: Sigmund, wielding a scythe and wearing a robe (severely wounded, slightly transparent) This wand has 12 charges left.
Sigmund hits you from afar with a scythe!
You die...

#S?........ . #.....
.....
.###....#......
........#......
#.$.........# #....#
#@...# #.>..#
#@...### #.######
#......# #....<.##
#......#
######..#####......#
##............#
#######......#
#......# #......#
#......#


You could see Sigmund (invisible) and a friendly adder.

Vanquished Creatures
  A ball python (D:1)
  A giant cockroach (D:1)
  4 goblins (D:1)
  3 hobgoblins (D:1)
  4 kobolds (D:1)
  4 bats (D:1)
  A giant gecko (D:2)
  2 rats (D:1)
20 creatures vanquished.

Notes
Turn   | Place    | Note
--------------------------------------------------------------
     0 | D:1      | HungrySpirit, the Vampire Artificer, began the quest for the Orb.
     0 | D:1      | Reached XP level 1. HP: 14/14 MP: 1/1
    20 | D:1      | Reached skill level 1 in Fighting
   160 | D:1      | Reached XP level 2. HP: 21/21 MP: 2/2
   897 | D:2      | Noticed Sigmund
   920 | D:2      | Slain by Sigmund

Action                   || total
-------------------------++-------
Melee: Short sword       ||    69
Evoke: Wand              ||     9
 Stab: Sleeping          ||     1
  Eat: Corpse            ||     8
